 Dungeon Crawl Stone Soup version 0.30-a0-782-ge64f9170bb (console) character file.

Game seed: 4307620814311587956

50 utis the Conjurer (level 3, -5/21 HPs)
             Began as a Tengu Wanderer on Mar 8, 2023.
             Slain by an orc
             ... wielding a +0 war axe
              (6 damage)
             ... on level 2 of the Dungeon on Mar 9, 2023.
             The game lasted 00:10:07 (2002 turns).

utis the Conjurer (Tengu Wanderer)                  Turns: 2002, Time: 00:10:08

Health: -5/21      AC:  7    Str:  9 (10) XL:     3   Next: 79%
Magic:  5/5        EV:  9    Int: 13 (15) God:
Gold:   53         SH:  0    Dex: 11 (12) Spells: 3/4 levels left

rFire   . . .      SeeInvis .    q - +2 dagger (speed)
rCold   . . .      Faith    .    d - +0 buckler
rNeg    + . .      Spirit   .    f - +0 ring mail
rPois   .          Reflect  .    (helmet restricted)
rElec   .          Harm     .    (no cloak)
rCorr   .          Rampage  .    s - +1 pair of gloves
Will    .....      Rnd*Tele +    (boots unavailable) Stlth
                                 k - amulet of the acrobat
HPRegen 0.23/turn                N - ring of positive energy
MPRegen 0.09/turn                (no ring)

@: confused
A: beak, talons 3, clumsy 1, teleportitis 1
a: no special abilities


You were on level 2 of the Dungeon.
You visited 1 branch of the dungeon, and saw 3 of its levels.

You collected 53 gold pieces.

Inventory:

Hand Weapons
 a - a +0 dagger
 i - a +0 short sword
 n - a +0 sling
 q - a +2 dagger of speed (weapon)
Missiles
 m - 16 stones
Armour
 c - a +0 robe
 d - a +0 buckler (worn)
 f - a +0 ring mail (worn)
 j - a +0 scale mail
 s - a +1 pair of gloves (worn)
Jewellery
 k - an amulet of the acrobat (around neck)
 N - a ring of positive energy (left hand)
Scrolls
 b - a scroll of fog
 e - a scroll of fear
 r - a scroll of teleportation {@r4}
Potions
 g - a potion of attraction
 h - a potion of might
 o - a potion of degeneration {@e1}


   Skills:
 - Level 1.8 Fighting
 - Level 1.4 Dodging
 - Level 1.0 Stealth
 - Level 2.0 Shields
 - Level 1.0 Spellcasting
 + Level 3.0 Conjurations
 + Level 2.3 Fire Magic
 - Level 1.0 Earth Magic
 - Level 2.0 Evocations


You had 3 spell levels left.
You knew the following spells:

 Your Spells              Type           Power      Damage    Failure   Level
Y - Foxfire               Conj/Fire      28%        2x1d5     34%         1

Your spell library contained the following spells:

 Spells                   Type           Power      Damage    Failure   Level
 Sandblast                Erth           6%         2d5       56%         1
 Apportation              Tloc           0%         N/A       71%         1
 Passwall                 Tmut/Erth      0%         N/A       78%         2
 Stone Arrow              Conj/Erth      10%        3d7       80%         3
 Ensorcelled Hibernation  Hex/Ice        0%         N/A       85%         2
 Inner Flame              Hex/Fire       3%         N/A       89%         3
 Kindle Blastsparks       Fire/Tloc/Air  4%         2d10      93%         3
 Ozocubu's Armour         Ice            0%         N/A       97%         3
 Swiftness                Air            0%         N/A       97%         3
 Alistair's Intoxication  Tmut/Pois      0%         N/A       100%        5
 Metabolic Englaciation   Hex/Ice        0%         N/A       100%        5
 Simulacrum               Ice/Necr       0%         N/A       100%        6


Dungeon Overview and Level Annotations

Branches:
Dungeon (3/15)

Altars:

Shops:
D:2 =


Innate Abilities, Weirdness & Mutations

You have a beak for a mouth.
You have claws for feet.
You are clumsy. (Dex -2)
You are occasionally teleported next to monsters.


Message History

You block the orc wizard's attack. The orc closely misses you.
The orc hits you but does no damage.
There is a stone staircase leading up here.
You block the orc wizard's attack. The orc hits you but does no damage.
The orc hits you with a +0 war axe. The orc hits you but does no damage.
The orc hits you with a +0 flail.
You climb upwards.
There is a stone staircase leading down here.
There is not enough space to conjure foxfire!
You closely miss the orc wizard. Your peck misses the orc wizard.
You block the orc's attack. The orc wizard casts a spell at you.
The magic dart hits you.
You barely miss the orc wizard. Your kick misses the orc wizard.
You hit the orc wizard. You claw the orc wizard.
Your peck misses the orc wizard.
The orc wizard is heavily wounded.
The orc hits you with a +0 war axe.
* * * LOW HITPOINT WARNING * * *
The orc wizard casts a spell at you.
You are confused.
You are too confused!
You bump into the rock wall.
The orc completely misses you.
The orc wizard hits you but does no damage.
You miss the orc wizard. Your kick misses the orc wizard.
The orc wizard is heavily wounded.
The orc hits you with a +0 war axe!
* * * LOW HITPOINT WARNING * * *
The orc wizard casts a spell.
The orc wizard flickers and vanishes!
Deactivating autopickup; reactivate with Ctrl-A.
You bump into the rock wall.
The orc barely misses you. Something hits you but does no damage.
It was a potion of degeneration.
There was something very wrong with that liquid.
You feel weakened.
You feel dopey.
You feel clumsy. The orc barely misses you.
Something hits you but does no damage.
It was a potion of mutation.
You feel extremely strange.
You feel clumsy.
You feel weirdly uncertain. The orc hits you with a +0 war axe.
You die...

░.░░░░.░ ░░░░.░
░.░ ░....░ ░.░
░░░░░░.░░░░ ░.░
.......░ ░.░
.[.....░ ░.░
.......░ ░.░
.......░░░░░░░o░░░
..............ooQ░
.░░░░░.░░░░░░░░░{░
.░░....░ ░o░
.░░....░ ░.░
.░░....░ ░.░
.......░░░░░░░░░.░
.░░...░..........░
.░....░.░░░░░░░░.░
.░....░...░ ░.░


You could see 4 orcs.

Vanquished Creatures
  A worm (D:2)
  5 ball pythons
  5 bats
  4 endoplasms
  A giant cockroach (D:1)
  4 hobgoblins
  2 jackals (D:1)
  5 kobolds
  3 quokkas
  3 frilled lizards
  6 goblins
  5 rats
44 creatures vanquished.

Vanquished Creatures (others)
  68 foxfires
68 creatures vanquished.

Grand Total: 112 creatures vanquished

Notes
Turn   | Place    | Note
-------+----------+-------------------------------------------
     0 | D:1      | utis the Tengu Wanderer began the quest for the Orb.
     0 | D:1      | utis set off with the following items: a +0 dagger, a
                  | scroll of fog, a +0 robe, a +0 buckler; and the following
                  | spells available to memorise: Foxfire, Sandblast, Inner
                  | Flame, Kindle Blastsparks, Stone Arrow.
     0 | D:1      | Reached XP level 1. HP: 12/12 MP: 3/3
     2 | D:1      | Learned a level 1 spell: Foxfire
     8 | D:1      | Noticed a black mamba
     8 | D:1      | Noticed a six-headed hydra
     8 | D:1      | Noticed an iguana
     8 | D:1      | Noticed a lindwurm
     8 | D:1      | Noticed a hog
    75 | D:1      | Reached skill level 1 in Conjurations
    89 | D:1      | Reached XP level 2. HP: 12/16 MP: 1/4
   154 | D:1      | Reached skill level 1 in Dodging
   154 | D:1      | Reached skill level 2 in Conjurations
   299 | D:1      | Reached XP level 3. HP: 20/20 MP: 1/5
  1254 | D:2      | Found Imarghoj's Jewellery Shoppe.
  1421 | D:2      | Reached skill level 3 in Conjurations
  1999 | D:2      | HP: 1/21 [orc/+0 war axe (7)]
  2002 | D:2      | Gained mutation: You are clumsy. (Dex -2) [potion of
                  | mutation]
  2002 | D:2      | Gained mutation: You are occasionally teleported next to
                  | monsters. [potion of mutation]
  2002 | D:2      | Slain by an orc

Illustrated notes

Levels and vault maps discovered:
D:1:      onia_arrival_zoo_common, layout_basic
D:2:      layout_basic, serial_shops, shop
D:3:      layout_basic, grunt_gozag_breadcrumbs, fiery_altar_vehumet,
          gammafunk_ghost_cemetery, ebering_ecumenical_altar_petrified,
          lightli_sewer_entry_pipes

Skill      XL: |  1  2  3 |
---------------+----------+-----
Conjurations   | 1 2 3 |  3.0
Dodging        | 1 |  1.4
Fighting       | |  1.8
Stealth        | |  1.0
Shields        | |  2.0
Spellcasting   | |  1.0
Fire Magic     | |  2.3
Earth Magic    | |  1.0
Evocations     | |  2.0

Action                     || total
---------------------------++-------
  Melee: Dagger            ||    37
         Kick              ||     8
         Peck              ||     5
   Fire: Sling             ||    26
   Cast: Foxfire           ||    40
    Use: Scroll            ||     5
         Potion            ||     2
 Armour: Robe              ||    24
         Ring mail         ||     7
  Dodge: Dodged            ||    80
  Block: Buckler           ||    29

Table legend: (Time is in decaauts)
 A = Elapsed time spent in this place.
 B = Non-inter-level travel time spent in this place.
 C = Inter-level travel time spent in this place.
 D = Time resting spent in this place.
 E = Time spent auto-exploring this place.
 F = Levels seen in this place.
 G = Mean time per level.
                   A        B        C        D        E       F      G
               +--------+--------+--------+--------+--------+-----+--------+
         Total |   2009 |   1855 |    154 |    271 |   1097 |   3 |  669.7 |
       Dungeon |   2009 |   1855 |    154 |    271 |   1097 |   3 |  669.7 |
               +--------+--------+--------+--------+--------+-----+--------+

Top non-repeatable levels by time:
     D:2: 1037 daAuts
     D:1: 892 daAuts
     D:3: 80 daAuts
